 Dungeon Crawl Stone Soup version 0.27.0-1-g7a089689b8 (webtiles) character file.

Game seed: 6272067734898701868

1690 ZombieSheep the Chucker (level 8, 0/79 HPs)
             Began as a Troll Hunter on Aug 1, 2021.
             Was an Initiate of Ru.
             Slain by a lemure (1 damage)
             ... led by Pikel
             ... in the Ecumenical Temple.
             The game lasted 00:12:35 (4884 turns).

ZombieSheep the Chucker (Troll Hunter)              Turns: 4884, Time: 00:12:35

Health: 0/79       AC:  4    Str: 21    XL:     8   Next: 72%
Magic:  7/7        EV: 11    Int:  7    God:    Ru [......]
Gold:   261        SH:  0    Dex: 12    Spells: 7/7 levels left

rFire    . . .     SeeInvis .     - Unarmed
rCold    . . .     Faith    .   (no shield)
rNeg     . . .     Spirit   .   b - +0 robe
rPois    .         Reflect  .   (helmet restricted)
rElec    .         Harm     .   (no cloak)
rCorr    .         Rampage  .   (gloves unavailable)
Will     .....                  (boots unavailable)
Stlth    +.........             (no amulet)
HPRegen  1.23/turn              (no ring)
MPRegen  0.10/turn              (no ring)

@: on berserk cooldown, flying, very slightly contaminated, slowed, very slow
A: large, unfitting armour, claws 3, regeneration 1, shaggy fur 1, tough skin 1
a: Renounce Religion


You were in the Ecumenical Temple.
You worshipped Ru.
Ru was noncommittal.
You visited 2 branches of the dungeon, and saw 7 of its levels.

You collected 261 gold pieces.

Inventory:

Hand Weapons
 n - a +0 hand axe of flaming
Missiles
 c - 5 large rocks (quivered)
 d - 2 throwing nets
Armour
 b - a +0 robe (worn)
Jewellery
 h - a ring of fire
Wands
 l - a wand of polymorph (5)
 v - a wand of paralysis (11)
Scrolls
 k - 5 scrolls of identify
 o - 4 scrolls of fog
 s - a scroll of brand weapon
 u - a scroll of magic mapping
Potions
 e - a potion of magic {unknown}
 f - a potion of resistance {unknown}
 g - a potion of lignification
 i - a potion of curing {unknown}
 j - 2 potions of might {unknown}
 m - 3 potions of brilliance
 q - a potion of flight
 t - a potion of degeneration {unknown}


   Skills:
 + Level 4.8 Fighting
 + Level 6.2 Throwing
 + Level 4.8 Dodging
 - Level 0.3 Stealth
 + Level 5.3 Unarmed Combat


You had 7 spell levels left.
You didn't know any spells.
Your spell library contained the following spells:

 Spells                   Type           Power      Damage    Failure   Level
 Sting                    Tmut/Pois      0%         1d3       43%         1
 Poisonous Vapours        Pois/Air       0%         N/A       56%         2
 Olgreb's Toxic Radiance  Pois           0%         N/A       99%         4


Dungeon Overview and Level Annotations

Branches:
Dungeon (6/15)             Temple (1/1) D:6

Altars:
Ashenzari
Cheibriados
Dithmenos
Elyvilon
Fedhas
Gozag
Hepliaklqana
Kikubaaqudgha
Makhleb
Okawaru
Ru
Sif Muna
Uskayaw
Vehumet
Wu Jian
Xom
Yredelemnul
Zin
The Shining One

Annotations:
Temple Pikel


Innate Abilities, Weirdness & Mutations

You are too large for most types of armour.
You have claws for hands.
Your natural rate of healing is unusually fast.
You are covered in fur. (AC +1)
You have tough skin. (AC +1)


Message History

Pikel is severely wounded.
You flicker for a moment.
Pikel hits you with a +2 whip of freezing!
Pikel freezes you. The lemure hits you.
You closely miss Pikel.
Pikel is severely wounded.
Pikel barely misses you. The lemure closely misses you.
Unknown command.
You barely miss Pikel.
Pikel is severely wounded.
Pikel misses you. The lemure closely misses you.
Pikel hits you with a +2 whip of freezing.
Pikel freezes you.
* * * LOW HITPOINT WARNING * * *
The lemure closely misses you.
You closely miss Pikel.
Pikel is severely wounded.
Pikel hits you with a +2 whip of freezing!
* * * LOW HITPOINT WARNING * * *
Pikel freezes you.
* * * LOW HITPOINT WARNING * * *
The lemure hits you.
* * * LOW HITPOINT WARNING * * *
You scratch Pikel but do no damage.
Pikel is severely wounded.
You flicker back into view.
Pikel hits you with a +2 whip of freezing.
* * * LOW HITPOINT WARNING * * *
Pikel freezes you.
* * * LOW HITPOINT WARNING * * *
The lemure closely misses you. Pikel misses you.
You claw Pikel!
Pikel is almost dead.
The lemure barely misses you.
Pikel hits you with a +2 whip of freezing!
* * * LOW HITPOINT WARNING * * *
Pikel freezes you.
* * * LOW HITPOINT WARNING * * *
The lemure hits you.
You die...

###############≈≈≈.......≈≈≈###
#≈≈≈≈≈≈≈≈≈≈≈≈≈≈≈≈≈≈≈..._..≈≈≈≈≈
#≈≈......_..≈≈≈≈≈≈≈≈≈.....≈≈≈.
##≈≈.............≈≈≈≈≈....≈≈≈≈
##≈≈................≈....≈≈≈.
##≈≈..._.≈≈≈≈≈≈........≈≈≈..
##≈≈.≈≈≈≈≈≈.........≈≈≈....
##≈≈≈≈≈≈........<........≈
##≈≈≈≈...K@5≈≈≈.........≈≈≈
##≈≈≈.....5≈≈≈........≈≈≈≈≈≈
##≈≈≈......≈≈≈....≈..........
##≈≈≈..._..≈≈≈≈....≈≈≈≈≈......
#≈≈≈._......≈≈≈.....≈≈≈≈≈≈≈≈≈.
#≈≈≈≈≈≈≈≈≈≈≈≈≈≈≈≈.._...≈≈≈≈≈≈≈≈
###############≈≈≈.......≈≈≈###
##≈≈≈.._..≈≈≈## ##≈≈≈...≈≈≈##


You could see Pikel and 2 lemures.

Vanquished Creatures
  Grinder (D:6)
  Eustachio (D:6)
  An ice beast (D:5)
  A black bear (D:6)
  An ogre (D:5)
  A bullfrog (D:5)
  2 scorpions
  A wyvern skeleton (D:6)
  A crimson imp (D:5)
  A centaur zombie (D:5)
  2 gnoll shamans (D:4)
  2 hounds (D:4)
  An orc priest (D:4)
  6 iguanas
  Ijyb (D:4)
  Natasha (thrice) (D:3)
  2 orc wizards
  A hound skeleton (D:5)
  A howler monkey skeleton (D:4)
  11 adders
  8 gnolls (D:4)
  A white imp (D:5)
  An ufetubus (D:4)
  An adder skeleton (D:5)
  3 worms
  2 dart slugs
  16 orcs
  7 bats
  6 endoplasms
  5 giant cockroaches
  2 goblins
  4 hobgoblins
  9 jackals
  9 kobolds
  2 quokkas
  6 ball pythons
  2 frilled lizards
  A quokka skeleton (D:4)
  3 rats
129 creatures vanquished.

Vanquished Creatures (others)
  A plant (D:3)
1 creature vanquished.

Grand Total: 130 creatures vanquished

Notes
Turn   | Place    | Note
-------+----------+-------------------------------------------
     0 | D:1      | ZombieSheep the Troll Hunter began the quest for the Orb.
     0 | D:1      | Reached XP level 1. HP: 19/19 MP: 0/0
   133 | D:1      | Reached XP level 2. HP: 28/28 MP: 1/1
   332 | D:1      | Reached skill level 1 in Unarmed Combat
   883 | D:2      | Reached XP level 3. HP: 30/35 MP: 2/2
  1299 | D:2      | Reached skill level 4 in Throwing
  1651 | D:3      | Noticed Natasha
  1666 | D:3      | Killed Natasha
  1667 | D:3      | Reached XP level 4. HP: 42/42 MP: 3/3
  1792 | D:3      | Reached XP level 5. HP: 48/50 MP: 4/4
  1836 | D:3      | You fall into a shaft and drop 1 floor!
  1858 | D:4      | Noticed Ijyb
  1869 | D:4      | Killed Ijyb
  2004 | D:3      | Noticed Natasha
  2012 | D:3      | Killed Natasha
  2260 | D:3      | Noticed Natasha
  2271 | D:3      | Found a broken altar of Ashenzari.
  2278 | D:3      | Found a blossoming altar of Fedhas.
  2278 | D:3      | Found a radiant altar of Vehumet.
  2279 | D:3      | Found a burning altar of Makhleb.
  2280 | D:3      | Found an ornate altar of the Wu Jian Council.
  2282 | D:3      | Found a glowing golden altar of the Shining One.
  2310 | D:3      | Killed Natasha
  2311 | D:3      | Reached XP level 6. HP: 41/59 MP: 5/5
  2921 | D:4      | Reached skill level 5 in Throwing
  2921 | D:4      | Reached XP level 7. HP: 37/67 MP: 6/6
  3473 | D:5      | Entered Level 5 of the Dungeon
  3803 | D:5      | Reached XP level 8. HP: 74/78 MP: 7/7
  3830 | D:5      | Found an iron altar of Okawaru.
  4421 | D:6      | Found a staircase to the Ecumenical Temple.
  4443 | Temple   | Entered the Ecumenical Temple
  4506 | Temple   | Became a worshipper of Ru the Awakened
  4764 | D:6      | Noticed Grinder
  4781 | D:6      | Killed Grinder
  4782 | D:6      | Reached skill level 6 in Throwing
  4782 | D:6      | Reached skill level 5 in Unarmed Combat
  4813 | D:6      | Noticed Eustachio
  4815 | D:6      | Noticed Pikel
  4850 | D:6      | Killed Eustachio
  4884 | Temple   | HP: 2/79 [Pikel (9)]
  4884 | Temple   | Slain by a lemure

Illustrated notes

Levels and vault maps discovered:
D:1:      dpeg_arrival_signposts, layout_loops_ring
D:2:      minmay_skewed_foursquare, layout_basic
D:3:      layout_loops_cross, minitemple, guppyfry_early_lair_pool, uniq_natasha
D:4:      layout_gridville, abandoned_shop, uniq_ijyb
D:5:      layout_gridville, okawaru_ov_weapons_minmay,
          chequers_serial_rivers_micro_b, minmay_fire_ice_demons
D:6:      layout_gridville, minmay_temple_entry_large_hall,
          nicolae_zen_rock_garden, minmay_holes, uniq_eustachio, uniq_grinder,
          uniq_pikel
Temple:   hc_temple_tempest_star

Skill      XL: |  1  2  3  4  5  6  7  8 |
---------------+-------------------------+-----
Unarmed Combat | 1 2 3 4 5 |  5.3
Fighting       | 2 3 4 |  4.8
Dodging        | 2 3 4 |  4.8
Throwing       | 4 5 6 |  6.2
Stealth        | |  0.3

Action                   |  1- 3 |  4- 6 |  7- 9 || total
-------------------------+-------+-------+-------++-------
Melee: Unarmed           |   142 |   166 |   144 ||   452
       Punch             |     1 |     1 |     4 ||     6
Throw: Large rock        |       |       |     8 ||     8
  Use: Scroll            |     5 |     1 |     3 ||     9
       Potion            |       |     2 |     3 ||     5
 Stab: Sleeping          |     1 |       |     1 ||     2
       Invisible         |       |       |     2 ||     2
Armor: Robe              |    75 |    49 |    29 ||   153
       Skin              |       |    26 |     8 ||    34
Dodge: Dodged            |    96 |    99 |    77 ||   272
